Map: Jagannatha LE

Players

Lambo - Winner!

  • Race: Zerg Zerg

ShaDoWn

  • Race: Protoss Protoss

Event: DreamHack SC2 Masters 2021 Fall

VOD

Have the link to the VOD?

Description

Time

  • Played on: Aug. 7, 2021, 1:42 p.m.
  • Length: 8:13

All games in this series

Show
View Real Time Build Order
Export as new Build Order

Lambo Zerg - Winner!

Build Orders: Hatch First 

Get SALT Encoding   

  12  0:00  Drone  
  13  0:12  Overlord  
  13  0:18  Drone  
  14  0:31  Drone x2  
  16  0:43  Drone  
  17  0:51  Hatchery  
  17  0:55  Drone  
  17  0:59  Drone  
  18  1:08  Extractor  
  17  1:13  Spawning Pool  
  17  1:16  Drone  
  17  1:20  Drone  
  18  1:27  Drone  
  19  1:38  Drone  
  20  1:49  Overlord  
  20  1:59  Queen  
  22  2:03  Queen, Drone  
  22  2:04  Zergling x2  
  26  2:09  Metabolic Boost  
  26  2:11  Zergling x2  
  26  2:14  Drone  
  28  2:21  Drone  
  29  2:28  Drone  
  30  2:34  Hatchery  
  29  2:37  Drone  
  29  2:39  Drone  
  29  2:43  Overlord  
  31  2:48  Drone  
  32  2:55  Overlord  
  32  2:57  Queen  
  34  2:59  Drone  
  35  3:07  Drone  
  35  3:10  Zergling x4  
  35  3:11  Drone x2  
  40  3:13  Drone  
  40  3:15  Drone  
  40  3:19  Queen  
  44  3:22  Drone  
  44  3:27  Spore Crawler, Drone  
  46  3:29  Overlord  
  46  3:32  Drone  
  46  3:36  Queen  
  49  3:41  Drone  
  49  3:42  Drone x2  
  51  3:49  Queen  
  51  3:52  Drone x2  
  51  3:54  Drone x2  
  57  4:00  Zergling x4  
  57  4:02  Overlord  
  59  4:04  Drone  
  60  4:10  Drone x4  
  60  4:15  Roach Warren  
  60  4:16  Drone x2  
  65  4:19  Drone  
  65  4:21  Overlord  
  66  4:25  Drone x2  
  66  4:30  Drone x2  
  70  4:31  Lair  
  70  4:35  Extractor  
  70  4:36  Overlord  
  70  4:37  Extractor  
  68  4:43  Drone x2  
  68  4:45  Drone x4  
  74  4:51  Overlord  
  74  4:53  Extractor  
  74  4:56  Spore Crawler  
  74  4:58  Drone x3  
  76  5:00  Roach x2  
  76  5:02  Overlord  
  76  5:06  Roach  
  80  5:09  Roach, Overlord  
  80  5:10  Roach  
  80  5:12  Roach  
  80  5:14  Roach  
  88  5:15  Overlord  
  88  5:17  Overlord  
  90  5:21  Roach x3  
  90  5:23  Zergling x2  
  90  5:26  Overlord  
  95  5:30  Extractor  
  98  5:35  Roach x2  
  98  5:36  Roach  
  98  5:41  Drone x3  
  98  5:42  Glial Reconstitution  
  103  5:45  Overlord  
  103  5:49  Overlord  
  103  5:52  Overlord  
  103  5:54  Overlord  
  103  5:56  Overlord  
  103  5:59  Overlord  
  103  6:01  Roach x3  
  109  6:10  Spore Crawler  
  109  6:11  Roach x4  
  116  6:14  Roach x2  
  116  6:16  Roach  
  121  6:22  Roach x4  
  121  6:23  Ravager  
  130  6:26  Zergling x6  
  130  6:31  Zergling x4  
  135  6:35  Roach  
  135  6:36  Ravager x2  
  139  6:41  Roach x2  
  139  6:45  Roach x2  
  139  6:46  Roach  
  149  6:49  Roach  
  149  6:50  Evolution Chamber, Roach x2  
  149  6:54  Zergling x8  
  158  7:00  Ravager  
  159  7:02  Roach x3  
  159  7:03  Overlord  
  165  7:11  Roach  
  165  7:12  Ravager  
  165  7:15  Roach x4  
  174  7:19  Roach x2  
  174  7:22  Roach  
  176  7:23  Overlord  
  176  7:25  Overlord  
  176  7:27  Zergling x6  
  178  7:31  Overlord  
  178  7:35  Zergling x4  
  175  7:42  Roach  
  175  7:43  Roach x3  
  178  7:44  Roach x3  
  178  7:50  Roach x2  
  179  7:51  Roach  
  179  7:54  Roach  
Show
View Real Time Build Order
Export as new Build Order

ShaDoWn Protoss 

Build Orders: 1 Gate Expand, Oracle Opening 

Get SALT Encoding   

  12  0:00  Probe  
  13  0:12  Probe  
  14  0:20  Pylon  
  14  0:24  Probe  
  15  0:38  Probe (Chrono Boost)  
  15  0:41  Gateway  
  17  0:50  Probe (Chrono Boost)  
  17  0:52  Assimilator  
  17  0:55  Probe (Chrono Boost)  
  18  1:04  Probe  
  19  1:16  Probe  
  20  1:27  Nexus  
  20  1:37  Cybernetics Core  
  20  1:40  Probe  
  20  1:45  Assimilator  
  21  1:52  Probe  
  22  1:56  Pylon  
  22  2:04  Probe (Chrono Boost)  
  23  2:14  Adept  
  26  2:16  Probe (Chrono Boost)  
  26  2:19  Stargate  
  26  2:24  Probe (Chrono Boost)  
  26  2:29  Warp Gate  
  27  2:32  Probe (Chrono Boost)  
  28  2:40  Probe (Chrono Boost)  
  28  2:43  Probe (Chrono Boost)  
  30  2:44  Adept  
  30  2:48  Probe (Chrono Boost)  
  30  2:50  Probe (Chrono Boost)  
  34  2:53  Probe (Chrono Boost)  
  35  2:59  Probe  
  35  3:01  Oracle (Chrono Boost)  
  35  3:05  Probe  
  40  3:11  Probe  
  40  3:12  Pylon  
  41  3:17  Probe  
  42  3:22  Gateway  
  42  3:23  Probe  
  43  3:29  Probe  
  44  3:35  Probe  
  45  3:44  Twilight Council  
  45  3:46  Gateway x2  
  45  3:50  Probe  
  46  3:57  Nexus  
  46  3:59  Oracle (Chrono Boost)  
  49  4:03  Probe  
  49  4:07  Pylon  
  50  4:16  Resonating Glaives (Chrono Boost)  
  50  4:17  Stalker  
  50  4:18  Probe  
  53  4:24  Pylon  
  53  4:26  Pylon, Probe  
  53  4:29  Adept  
  56  4:32  Probe  
  56  4:34  Pylon  
  57  4:42  Probe  
  57  4:44  Adept x2  
  57  4:45  Probe  
  63  4:51  Assimilator  
  63  4:53  Assimilator  
  63  4:54  Adept, Probe  
  63  4:55  Adept  
  63  4:57  Probe  
  69  5:07  Probe  
  69  5:09  Forge, Probe  
  69  5:14  Probe  
  72  5:19  Probe (Chrono Boost)  
  72  5:21  Probe (Chrono Boost)  
  72  5:31  Probe x2 (Chrono Boost)  
  72  5:32  Robotics Facility  
  72  5:33  Probe (Chrono Boost)  
  72  5:35  Sentry x2  
  78  5:38  Probe x2 (Chrono Boost)  
  78  5:39  Shield Battery  
  78  5:40  Probe (Chrono Boost)  
  78  5:42  Protoss Ground Weapons Level 1  
  81  5:45  Probe  
  81  5:47  Probe  
  83  5:50  Probe  
  84  5:57  Probe  
  84  5:59  Sentry, Probe  
  84  6:00  Stalker x3  
  84  6:02  Probe  
  95  6:05  Pylon  
  95  6:06  Assimilator  
  95  6:07  Assimilator  
  95  6:10  Probe  
  96  6:11  Probe  
  96  6:12  Gateway  
  96  6:14  Probe  
  96  6:15  Gateway  
  98  6:20  Observer  
  98  6:24  Robotics Bay  
  99  6:32  Robotics Facility  
  99  6:42  Stalker  
  99  6:43  Stalker x3  
  99  6:44  Nexus, Probe  
  99  6:45  Pylon  
  108  6:49  Probe  
  108  6:54  Pylon  
  109  6:55  Pylon  
  109  7:03  Probe x2  
  111  7:10  Shield Battery  
  111  7:11  Pylon  
  107  7:15  Stalker  
  107  7:16  Stalker x3  
  107  7:18  Pylon, Disruptor (Chrono Boost)  
  107  7:19  Disruptor (Chrono Boost)  
  121  7:26  Stalker x2  
  121  7:27  Shield Battery  
  119  7:40  Stalker x4  
  111  7:50  Stalker x2  
  99  7:53  Probe  

Tags
 
Add a new tag
Caveats
  • Supply blocks, unpowered buildings, or Contaminate may cause inaccurate times.
  • Supply counts are checked every 10 seconds.